 Dungeon Crawl Stone Soup version 0.21.1-1-g345015f (webtiles) character file.

5745 Sharkov the Martial Artist (level 10, -4/85 HPs)
             Began as a Merfolk Monk on Mar 31, 2018.
             Was a High Priest of Okawaru.
             Slain by a komodo dragon (13 damage)
             ... on level 3 of the Lair of Beasts.
             The game lasted 00:24:37 (12626 turns).

Sharkov the Martial Artist (Merfolk Monk)          Turns: 12626, Time: 00:24:38

Health: -4/85      AC: 13    Str: 13    XL:     10   Next: 77%
Magic:  12/12      EV: 15    Int: 10    God:    Okawaru [*****.]
Gold:   395        SH:  0    Dex: 16    Spells: 8/9 levels left

rFire    . . .     SeeInvis .     - Unarmed
rCold    . . .     Gourm    .   (no shield)
rNeg     + . .     Faith    .   x - +0 scale mail
rPois    +         Spirit   .   C - +0 helmet
rElec    .         Reflect  .   E - +0 cloak
rCorr    .         Harm     .   h - +1 pair of gloves
MR       .....                  z - +0 pair of boots
Stlth    +.........             (no amulet)
HPRegen  0.24/turn              c - ring of poison resistance
MPRegen  0.13/turn              e - ring of positive energy

@: no status effects
A: change form in water, swift swim, stealthy swim, thin metallic scales 1,
clumsy 1, wild magic 1
a: Heroism, Finesse, Renounce Religion


You were on level 3 of the Lair of Beasts.
You worshipped Okawaru.
Okawaru was extremely pleased with you.
You were not hungry.

You visited 3 branches of the dungeon, and saw 13 of its levels.
You also visited: Ossuary.

You collected 395 gold pieces.

Inventory:

Hand Weapons
 v - a +0 halberd of chopping
 B - a +0 morningstar of flaming
Missiles
 f - 144 stones (quivered)
 g - a throwing net
 q - 8 silver javelins
 s - 2 steel javelins
Armour
 h - a +1 pair of gloves (worn)
 x - a +0 scale mail (worn)
 z - a +0 pair of boots (worn)
 C - a +0 helmet (worn)
 E - a +0 cloak (worn)
 G - a +3 chain mail
Jewellery
 c - a ring of poison resistance (left hand)
 e - a ring of positive energy (right hand)
 w - an uncursed ring of see invisible
 A - an uncursed ring of resist corrosion
Wands
 j - a wand of disintegration (15)
 n - a wand of flame (25)
 t - a wand of scattershot (5)
 u - a wand of paralysis (12)
Scrolls
 i - a scroll of teleportation
 l - a scroll of enchant armour
 m - 3 scrolls of holy word
 y - a scroll of remove curse
 F - a scroll of fog
Potions
 d - a potion of flight
 k - a potion of ambrosia
 p - 2 potions of brilliance
 r - 2 potions of might {unknown}
Books
 D - a book of Conjurations

   Spells                             Type                      Level
   a - Magic Dart                     Conjuration                  1
   b - Searing Ray                    Conjuration                  2
   c - Dazzling Spray                 Conjuration/Hexes            3
   d - Fulminant Prism                Conjuration/Hexes            4
   e - Force Lance                    Conjuration/Translocation    4
   f - Iskenderun's Mystic Blast      Conjuration                  4
Comestibles
 b - 7 rations


   Skills:
 * Level 10.1 Fighting
 - Level 3.7 Throwing
 - Level 10.1 Dodging
 - Level 2.1 Stealth
 * Level 11.2 Unarmed Combat
 - Level 3.0 Invocations


You had 8 spell levels left.
You knew the following spells:

 Your Spells              Type           Power        Failure   Level  Hunger
a - Magic Dart            Conj           #...         92%         1    ##.....


Dungeon Overview and Level Annotations

Branches:
Dungeon (9/15)             Temple (1/1) D:5            Lair (3/6) D:8
 Shoals (0/4) Lair:3
  Snake: Lair:2-4    Spider: Lair:2-4       Orc: D:9-12

Altars:
Ashenzari
Cheibriados
Dithmenos
Elyvilon
Fedhas
Gozag
Hepliaklqana
Kikubaaqudgha
Makhleb
Nemelex Xobeh
Okawaru
Qazlal
Ru
Sif Muna
Trog
Uskayaw
Vehumet
Wu Jian
Xom
Yredelemnul
Zin
The Shining One

Annotations:
D:4 Totori's ghost, amateur DrFi
D:8 frogsdev's ghost, novice FoFi


Innate Abilities, Weirdness & Mutations

You revert to your normal form in water.
You are very nimble and swift while swimming.
You are very stealthy in the water. (Stealth+)
You are partially covered in thin metallic scales. (AC +2)
You are clumsy. (Dex -2)
Your spells are a little harder to cast, but a little more powerful.


Message History

The komodo dragon is moderately wounded.
The komodo dragon bites you!
You barely miss the komodo dragon.
The komodo dragon is moderately wounded.
The komodo dragon closely misses you.
You hit the komodo dragon.
The komodo dragon is moderately wounded.
The komodo dragon closely misses you.
You hit the komodo dragon.
The komodo dragon is heavily wounded.
You punch the komodo dragon!
The komodo dragon is severely wounded.
You feel like a meek peon again. The komodo dragon bites you!!
* * * LOW HITPOINT WARNING * * *
You feel much better. The komodo dragon bites you!
* * * LOW HITPOINT WARNING * * *
Okay, then.
You feel better. The komodo dragon bites you!
You die...

......#.# #....###............
#.##...###...## #............
##(.....†.....# ###..........
..r...........## #...........
.....#####.#..#####..........#
....# ###P.....#...........
.... ###................ ...
#.l..#.##........ /.
##.@.#####........ #...##
#....##.. ##..# #...... P #..#
....##.# ##.## ...## ## #..#
...# #.## ##..# #..##


You could see a komodo dragon.

Vanquished Creatures
  2 black mambas
  A spiny frog (Lair:2)
  A hippogriff (Lair:2)
  8 yaks
  A water moccasin (Lair:1)
  4 porcupines
  An orc warrior (D:7)
  6 ogres
  2 phantoms
  A crocodile (Lair:2)
  A centaur (D:7)
  A big kobold (D:9)
  8 bullfrogs
  A scorpion (D:7)
  A jelly (D:7)
  5 wights (D:7)
  4 howler monkeys
  2 crimson imps
  2 orc priests (D:4)
  2 hounds
  4 orc wizards
  5 bullfrog skeletons
  6 centaur zombies (Ossuary)
  2 centaur skeletons
  An iguana (D:7)
  A worker ant (D:7)
  2 big kobold zombies (Ossuary)
  5 mummies
  3 worker ant zombies
  3 adders
  3 gnolls (D:7)
  A shadow imp (D:8)
  An ooze (D:1)
  2 adder skeletons
  5 worms
  3 dart slugs
  5 leopard geckos
  11 orcs
  2 ball pythons
  4 giant cockroaches
  6 goblins
  5 hobgoblins
  8 jackals
  5 quokkas
  7 bats
  5 frilled lizards
  A goblin zombie (D:4)
  3 hobgoblin zombies
  A jackal zombie (D:4)
  12 kobolds
  6 rats
182 creatures vanquished.

Vanquished Creatures (others)
  A human (D:4)
  3 orc wizards (D:4)
  An orc (D:4)
  A fungus (Lair:3)
6 creatures vanquished.

Grand Total: 188 creatures vanquished

Notes
Turn   | Place    | Note
-------+----------+-------------------------------------------
     0 | D:1      | Sharkov the Merfolk Monk began the quest for the Orb.
     0 | D:1      | Reached XP level 1. HP: 18/18 MP: 1/1
   383 | D:1      | Reached XP level 2. HP: 24/24 MP: 2/2
   593 | D:1      | Reached skill level 4 in Unarmed Combat
   699 | D:1      | Reached XP level 3. HP: 30/30 MP: 3/3
  1809 | D:2      | Reached XP level 4. HP: 36/37 MP: 4/4
  2599 | D:3      | Found a glowing silver altar of Zin.
  2604 | D:3      | Reached skill level 5 in Unarmed Combat
  2676 | D:3      | Reached XP level 5. HP: 38/42 MP: 5/5
  3530 | D:3      | Reached skill level 6 in Unarmed Combat
  4128 | D:4      | Found a runed door.
  4128 | D:4      | Noticed a human
  4132 | D:4      | Found a basalt altar of Yredelemnul.
  4213 | D:4      | Reached XP level 6. HP: 14/49 MP: 6/6
  4237 | D:4      | Noticed Totori's ghost (amateur DrFi)
  4321 | D:4      | Killed a human
  4761 | D:5      | Entered Level 5 of the Dungeon
  4804 | D:5      | Found a staircase to the Ecumenical Temple.
  4810 | Temple   | Entered the Ecumenical Temple
  4925 | Temple   | Became a worshipper of Warmaster Okawaru
  4925 | Temple   | Reached * piety under Okawaru
  4925 | Temple   | Reached ** piety under Okawaru
  4989 | D:4      | Reached skill level 7 in Unarmed Combat
  5168 | D:4      | Noticed a phantom
  5196 | D:4      | Killed a phantom
  5452 | D:6      | Reached XP level 7. HP: 44/55 MP: 7/7
  5600 | D:6      | Reached skill level 5 in Fighting
  5725 | D:6      | Found a sand-covered staircase.
  5738 | Ossuary  | Entered an ossuary
  6939 | Ossuary  | Reached XP level 8. HP: 61/67 MP: 8/8
  7126 | D:6      | Noticed a yak
  7127 | D:6      | Noticed a yak
  7127 | D:6      | Noticed a yak
  7127 | D:6      | Noticed a yak
  7129 | D:6      | Noticed a yak
  7155 | D:7      | Killed a yak
  7155 | D:7      | Reached *** piety under Okawaru
  7155 | D:7      | Reached skill level 5 in Dodging
  7176 | D:7      | Killed a yak
  7192 | D:7      | Killed a yak
  7439 | D:7      | Killed a yak
  7498 | D:6      | Reached **** piety under Okawaru
  7577 | D:6      | Reached XP level 9. HP: 73/73 MP: 9/11
  7670 | D:6      | Reached skill level 8 in Unarmed Combat
  8333 | D:7      | Reached skill level 9 in Unarmed Combat
  8779 | D:7      | Reached skill level 1 in Throwing
  9317 | D:7      | Received a gift from Okawaru
  9991 | D:8      | Noticed frogsdev's ghost (novice FoFi)
 10153 | D:8      | Gained mutation: You are partially covered in thin metallic scales. (AC +2) [potion of mutation]
 10153 | D:8      | Gained mutation: You are clumsy. (Dex -2) [potion of mutation]
 10153 | D:8      | Gained mutation: Your spells are a little harder to cast, but a little more powerful. [potion of mutation]
 10192 | D:8      | Reached XP level 10. HP: 81/83 MP: 12/12
 10266 | D:8      | Found a staircase to the Lair.
 10286 | D:9      | Received a gift from Okawaru
 10461 | Lair:1   | Entered Level 1 of the Lair of Beasts
 10673 | Lair:1   | Noticed a seven-headed hydra
 11258 | Lair:1   | Reached skill level 10 in Dodging
 11567 | Lair:2   | Learned a level 1 spell: Magic Dart
 11676 | Lair:2   | Reached skill level 10 in Unarmed Combat
 11734 | Lair:3   | Noticed a black mamba
 11745 | Lair:2   | Reached ***** piety under Okawaru
 11888 | Lair:2   | Killed a black mamba
 12133 | Lair:3   | Found a staircase to the Shoals.
 12133 | Lair:3   | Noticed a merfolk siren
 12168 | Lair:3   | Noticed a spiny frog
 12376 | Lair:2   | Killed a spiny frog
 12376 | Lair:2   | Reached skill level 10 in Fighting
 12589 | Lair:3   | Noticed a black mamba
 12601 | Lair:3   | Killed a black mamba
 12601 | Lair:3   | Received a gift from Okawaru
 12601 | Lair:3   | Reached skill level 11 in Unarmed Combat
 12624 | Lair:3   | HP: 1/85 [komodo dragon (26)]
 12626 | Lair:3   | Slain by a komodo dragon

Skill      XL: |  1  2  3  4  5  6  7  8  9 10 |
---------------+-------------------------------+-----
Unarmed Combat | 4 5 6 7 9 11 | 11.2
Fighting       | 4 7 9 10 | 10.1
Dodging        | 8 10 | 10.1
Invocations    | 3 |  3.0
Throwing       | 3 |  3.7
Stealth        | |  2.1

Action                   |  1- 3 |  4- 6 |  7- 9 | 10-12 || total
-------------------------+-------+-------+-------+-------++-------
Melee: Unarmed           |   119 |   223 |   376 |   183 ||   901
       Punch             |     1 |     5 |    23 |     9 ||    38
Throw: Stone             |     5 |     3 |    14 |    10 ||    32
       Tomahawk          |       |     4 |    28 |       ||    32
Invok: Heroism           |       |     2 |     4 |     2 ||     8
  Use: Scroll            |     2 |    12 |     6 |     4 ||    24
       Potion            |     1 |     4 |     3 |     4 ||    12
 Stab: Sleeping          |     5 |     6 |     6 |       ||    17
       Distracted        |       |       |     1 |       ||     1
       Invisible         |       |       |     1 |       ||     1
  Eat: Ration            |     2 |     3 |     3 |     2 ||    10
       Chunk             |       |       |     3 |       ||     3
Armor: Robe              |    14 |       |       |       ||    14
       Leather armour    |    11 |    31 |    38 |       ||    80
       Scale mail        |       |       |    11 |    61 ||    72
Dodge: Dodged            |    79 |   149 |   228 |   140 ||   596
